 Dungeon Crawl Stone Soup version 0.20-a0-1127-g1289703 (webtiles) character file.

401 HankScorpio the Gusty (level 6, -5/32 HPs)
             Began as a Deep Elf Air Elementalist on May 19, 2017.
             Killed by nerve-wracking pain
             ... invoked by a shadow imp
              (14 damage)
             ... on level 4 of the Dungeon.
             The game lasted 00:04:39 (2547 turns).

HankScorpio the Gusty (Deep Elf Air Elementalist)   Turns: 2547, Time: 00:04:40

Health: -5/32      AC:  5    Str:  5    XL:     6   Next: 54%
Magic:  1/15       EV: 13    Int: 22    God:
Gold:   126        SH:  0    Dex: 15    Spells: 10/15 levels left

rFire    . . .     SeeInvis .   y - +0 war axe
rCold    . . .     Gourm    .   (no shield)
rNeg     . . .     Faith    .   a - +0 robe
rPois    .         Spirit   .   x - +1 helmet
rElec    .         Reflect  .   (no cloak)
rCorr    .         Harm     .   h - +0 pair of gloves
MR       .....                  (no boots)
Stlth    ++........             (no amulet)
Regen    0.1/turn               (no ring)
MPRegen  0.2/turn               (no ring)

@: no status effects
A: no striking features
a: no special abilities


You were on level 4 of the Dungeon.
You were not hungry.

You visited 1 branch of the dungeon, and saw 4 of its levels.

You collected 126 gold pieces.

Inventory:

Hand Weapons
 y - a +0 war axe (weapon)
Armour
 a - a +0 robe (worn)
 h - a +0 pair of gloves (worn)
 x - a +1 helmet (worn)
Jewellery
 j - an uncursed ring of fire {unknown}
 w - a cursed ring of loudness {unknown}
Scrolls
 e - a scroll of enchant armour {unknown}
 k - a scroll of noise {unknown}
 l - a scroll of fear {unknown}
 m - 2 scrolls of remove curse {unknown}
 n - a scroll of magic mapping {unknown}
 p - a scroll of teleportation {unknown}
 q - a scroll of immolation {unknown}
 s - 3 scrolls of identify {unknown}
 u - a scroll of random uselessness {unknown}
 v - a scroll of enchant weapon {unknown}
Potions
 f - a potion of flight {unknown}
 g - 3 potions of curing {unknown}
 i - 2 potions of berserk rage {unknown}
 o - 4 potions of lignification {unknown}
 t - a potion of heal wounds {unknown}
Books
 b - a book of Air

   Spells                             Type                      Level
   a - Shock                          Conjuration/Air              1
   b - Swiftness                      Charms/Air                   2
   c - Static Discharge               Conjuration/Air              3
   d - Airstrike                      Air                          4
   e - Lightning Bolt                 Conjuration/Air              5
Comestibles
 c - 2 bread rations
 d - 3 meat rations
 r - a fruit
 z - a chunk of flesh


   Skills:
 - Level 2.4 Dodging
 - Level 2.4 Stealth
 + Level 5.2 Spellcasting
 + Level 3.7 Conjurations
 * Level 5.7 Air Magic


You had 10 spell levels left.
You knew the following spells:

 Your Spells              Type           Power        Failure   Level  Hunger
a - Shock                 Conj/Air       ####         1%          1    None
b - Airstrike             Air            ####......   10%         4    ####...


Dungeon Overview and Level Annotations

Branches:
Dungeon (4/15)
 Temple: D:4-7

Altars:
Dithmenos
Yredelemnul

Annotations:
D:2 Sigmund


Message History

Press: ? - help, Dir - move target cursor, f/p - orc wizard
Aim: an orc wizard, wielding a dagger and wearing a robe (almost dead)
The air twists around and strikes the orc wizard!
You kill the orc wizard!
The shadow imp closely misses you.
You barely miss the shadow imp. The shadow imp hits you.
The shadow imp barely misses you.
You closely miss the shadow imp. The shadow imp barely misses you.
You barely miss the shadow imp. The shadow imp misses you.
The shadow imp closely misses you.
You hit the shadow imp.
The shadow imp is heavily wounded.
The shadow imp barely misses you.
You hit the shadow imp but do no damage.
The shadow imp is heavily wounded.
The shadow imp hits you.
* * * LOW HITPOINT WARNING * * *
The shadow imp gestures at you. Pain shoots through your body!
You die...

.# .. ##
##.# ## ...
... ..#
.... .. [..
#...#. ..
####..5##.#
...[...@).#
.##########


You could see a shadow imp.

Vanquished Creatures
  Grinder (D:3)
  An orc priest (D:3)
  Natasha (D:2)
  2 orc wizards (D:4)
  Robin (D:3)
  3 adders (D:3)
  An ooze (D:3)
  4 dart slugs
  4 orcs
  5 goblins
  9 hobgoblins
  2 jackals (D:3)
  7 bats
  4 frilled lizards
  2 kobolds
  A leopard gecko skeleton (D:3)
  7 rats
55 creatures vanquished.

Notes
Turn   | Place    | Note
-------+----------+-------------------------------------------
     0 | D:1      | HankScorpio the Deep Elf Air Elementalist began the quest for the Orb.
     0 | D:1      | Reached XP level 1. HP: 10/10 MP: 6/6
   326 | D:1      | Reached XP level 2. HP: 15/15 MP: 5/8
   824 | D:2      | Noticed Natasha
   830 | D:2      | Noticed a crimson imp
   832 | D:2      | Killed Natasha
   832 | D:2      | Reached XP level 3. HP: 9/19 MP: 0/9
  1140 | D:2      | Noticed Sigmund
  1389 | D:3      | Noticed Grinder
  1402 | D:3      | Killed Grinder
  1402 | D:3      | Reached skill level 5 in Air Magic
  1402 | D:3      | Reached XP level 4. HP: 20/24 MP: 0/12
  1402 | D:3      | Reached XP level 5. HP: 23/28 MP: 0/14
  1576 | D:3      | Reached XP level 6. HP: 25/32 MP: 4/15
  1644 | D:3      | Found a shadowy altar of Dithmenos.
  1802 | D:3      | Found a basalt altar of Yredelemnul.
  1956 | D:3      | Noticed Robin
  1964 | D:3      | Killed Robin
  1964 | D:3      | Reached skill level 5 in Spellcasting
  2225 | D:3      | Learned a level 4 spell: Airstrike
  2547 | D:4      | Killed from afar by a shadow imp

Vault maps used:
D:1:      sevenhm_arrival_forest_fort_large_1
D:2:      uniq_sigmund, uniq_natasha
D:3:      lemuel_crystal_altar, grunt_dithmenos_smoke, uniq_robin, uniq_grinder
D:4:      cheibrodos_barr_body, nicolae_overflow_crystal_walls,
          cheibriados_altar_1, zin_angel, first_bread, elyvilon_altar_4,
          uniq_ijyb

Skill      XL: |  1  2  3  4  5  6 |
---------------+-------------------+-----
Conjurations   | 2 3 |  3.7
Spellcasting   | 4 5 |  5.2
Air Magic      | 5 |  5.7
Dodging        | |  2.4
Stealth        | |  2.4

Action                   |  1- 3 |  4- 6 || total
-------------------------+-------+-------++-------
Melee: Unarmed           |     5 |     7 ||    12
       War axe           |       |    10 ||    10
 Cast: Shock             |    68 |    61 ||   129
       Airstrike         |       |    10 ||    10
  Eat: Chunk             |     1 |     5 ||     6
Armor: Robe              |       |     5 ||     5
Dodge: Dodged            |     8 |    23 ||    31
